 Dungeon Crawl Stone Soup version 0.21.1-1-g345015f (webtiles) character file.

768 Fang the Chopper (level 7, 0/66 HPs)
             Began as a Gargoyle Berserker on June 10, 2018.
             Was a Priest of Trog.
             Slain by a gnoll
             ... wielding a +0 spear
              (1 damage)
             ... on level 5 of the Dungeon.
             The game lasted 00:05:46 (4261 turns).

Fang the Chopper (Gargoyle Berserker)               Turns: 4261, Time: 00:05:47

Health: 0/66       AC:  8    Str: 27    XL:     7   Next: 82%
Magic:  7/7        EV: 13    Int:  8    God:    Trog [***...]
Gold:   275        SH:  3    Dex:  9    Spells: 6/6 levels left

rFire    . . .     SeeInvis .   a - +0 hand axe
rCold    . . .     Gourm    .   (no shield)
rNeg     + . .     Faith    .   b - +1 animal skin
rPois    ∞         Spirit   .   (no helmet)
rElec    +         Reflect  +   (no cloak)
rCorr    .         Harm     .   (no gloves)
MR       .....     Clarity  +   (no boots)
Stlth    ..........             h - +3 amulet of reflection
HPRegen  0.00/turn              (no ring)
MPRegen  0.10/turn              (no ring)

@: berserking (expiring), very quick
A: clarity, negative energy resistance 1, electricity resistance, inhibited
regeneration, wild magic 1, unbreathing, petrification resistance, rot immunity,
AC +4
a: Berserk, Trog's Hand, Burn Spellbooks, Renounce Religion


You were on level 5 of the Dungeon.
You worshipped Trog.
Trog was most pleased with you.
You were very hungry.

You visited 1 branch of the dungeon, and saw 5 of its levels.

You collected 275 gold pieces.

Inventory:

Hand Weapons
 a - a +0 hand axe (weapon)
Armour
 b - a +1 animal skin (worn)
Jewellery
 h - a +3 amulet of reflection (around neck)
 n - an uncursed ring of ice {unknown}
Wands
 f - a wand of paralysis (12)
Scrolls
 d - 3 scrolls of remove curse
 k - 3 scrolls of magic mapping {unknown}
 o - 3 scrolls of teleportation
 q - a scroll of identify
Potions
 e - 3 potions of curing
 g - a potion of heal wounds
 i - 2 potions of agility {unknown}
 j - a potion of berserk rage
 l - a potion of might {unknown}
 m - a potion of flight {unknown}
Comestibles
 c - 7 rations
 p - a chunk of flesh


   Skills:
 + Level 5.1 Fighting
 + Level 5.6 Axes
 + Level 2.3 Armour
 + Level 4.1 Dodging
 + Level 2.6 Stealth


You had 6 spell levels left.
You didn't know any spells.

Dungeon Overview and Level Annotations

Branches:
Dungeon (5/15)
 Temple: D:4-7

Altars:
Gozag
Wu Jian


Innate Abilities, Weirdness & Mutations

You are resistant to torment.
Your stone body is resilient. (AC +4)
You are immune to poison.
You resist negative energy. (rN+)
You are resistant to electric shocks. (rElec)
You can survive without breathing.
You are immune to petrification.
You are immune to rotting.
You possess an exceptional clarity of mind.
You do not regenerate when monsters are visible.
Your spells are a little harder to cast, but a little more powerful.


Message History

* * * LOW HITPOINT WARNING * * *
Unknown command.
You closely miss the gnoll.
The gnoll hits you from afar with a spear.
* * * LOW HITPOINT WARNING * * *
You hit the gnoll.
The gnoll is moderately wounded.
The gnoll barely misses you. x3
Unknown command.
You slash the gnoll!
You kill the gnoll!
Trog accepts your kill.
The gnoll hits you from afar with a halberd.
* * * LOW HITPOINT WARNING * * *
Unknown command.
The gnoll closely misses you.
Items here: ( )) [ †† You feel a strong urge to attack something.
The gnoll hits you with a spear.
You die...

##. .% .. #. ##.#
##...##
##.)..g#########
#.....@).......#
#......g#######.#
#......## #[#
......# #.#
...... #.########
...... #.........
.#### ###...####
#...####
####.......


You could see 2 gnolls.

Vanquished Creatures
  An ice beast (D:5)
  2 ogres
  A gnoll shaman (D:5)
  2 orc priests
  5 orc wizards (D:4)
  A centaur skeleton (D:4)
  2 worker ants (D:4)
  A hound skeleton (D:4)
  5 gnolls
  4 adders
  A howler monkey skeleton (D:4)
  An ooze (D:3)
  2 adder skeletons
  A worm (D:2)
  2 dart slugs
  2 leopard geckos
  13 orcs
  2 ball pythons
  4 giant cockroaches
  3 goblins
  7 hobgoblins
  5 jackals
  5 kobolds
  3 quokkas
  9 bats
  3 frilled lizards
  3 rats
90 creatures vanquished.

Notes
Turn   | Place    | Note
-------+----------+-------------------------------------------
     0 | D:1      | Fang the Gargoyle Berserker began the quest for the Orb.
     0 | D:1      | Reached XP level 1. HP: 14/14 MP: 1/1
   604 | D:1      | Reached XP level 2. HP: 15/19 MP: 2/2
   851 | D:2      | Reached XP level 3. HP: 5/24 MP: 3/3
   873 | D:2      | HP: 1/24 [kobold (3)]
  1495 | D:2      | Reached ** piety under Trog
  1676 | D:2      | Reached skill level 1 in Stealth
  1676 | D:2      | Reached XP level 4. HP: 25/29 MP: 4/4
  1844 | D:2      | Found an ornate altar of the Wu Jian Council.
  2259 | D:3      | Reached XP level 5. HP: 26/33 MP: 5/5
  2286 | D:3      | Found an opulent altar of Gozag.
  2794 | D:4      | Noticed an ogre
  2806 | D:4      | Killed an ogre
  2806 | D:4      | Reached XP level 6. HP: 39/39 MP: 6/6
  3046 | D:4      | Reached XP level 7. HP: 18/44 MP: 7/7
  3051 | D:4      | HP: 2/44 [orc wizard/magic dart (6)]
  3411 | D:4      | Reached skill level 5 in Axes
  3594 | D:4      | Reached *** piety under Trog
  3883 | D:5      | Entered Level 5 of the Dungeon
  3930 | D:5      | Gained mutation: You possess an exceptional clarity of mind. [potion of mutation]
  3930 | D:5      | Gained mutation: You do not regenerate when monsters are visible. [potion of mutation]
  3930 | D:5      | Gained mutation: Your spells are a little harder to cast, but a little more powerful. [potion of mutation]
  4070 | D:5      | Reached skill level 5 in Fighting
  4259 | D:5      | HP: 1/66 [gnoll/halberd (5)]
  4261 | D:5      | Slain by a gnoll

Skill      XL: |  1  2  3  4  5  6  7 |
---------------+----------------------+-----
Axes           | 3 4 5 |  5.6
Fighting       | 4 5 |  5.1
Dodging        | 2 3 4 |  4.1
Stealth        | 1 2 |  2.6
Armour         | |  2.3

Action                   |  1- 3 |  4- 6 |  7- 9 || total
-------------------------+-------+-------+-------++-------
Melee: Hand axe          |   106 |   120 |   116 ||   342
Invok: Berserk           |     3 |     3 |     2 ||     8
  Use: Potion            |       |     3 |     2 ||     5
       Scroll            |       |     1 |     7 ||     8
 Stab: Sleeping          |       |     3 |     1 ||     4
  Eat: Chunk             |     2 |     6 |     6 ||    14
       Ration            |     1 |       |       ||     1
Armor: Animal skin       |    40 |    52 |    41 ||   133
Dodge: Dodged            |    72 |   104 |    78 ||   254
Block: Other             |       |     7 |    13 ||    20
